 Dungeon Crawl Stone Soup version 0.17.0-15-g6d90897 (webtiles) character file.

48864 MDvedh the Basher (level 14, -10/129 HPs)
             Began as a Minotaur Enchanter on Nov 10, 2015.
             Was an Initiate of Gozag.
             Killed by drain life
             ... invoked by a soul eater
             ... summoned by an orc high priest
              (13 damage)
             ... while paralysed by an orc sorcerer
             ... on level 4 of the Orcish Mines.
             The game lasted 00:49:44 (26616 turns).

MDvedh the Basher (Minotaur Enchanter)             Turns: 26616, Time: 00:49:44

Health: -10/129    AC: 19    Str: 17    XL:     14   Next: 13%
Magic:  20/20      EV:  2    Int: 12    God:    Gozag
Gold:   7432       SH:  0    Dex: 16    Spells: 0 memorised, 15 levels left

rFire  . . .     SeeInvis .     a - +4 dire flail (crush)
rCold  . . .     Clarity  +     j - +0 chain mail
rNeg   . . .     SustAt   +     (shield currently unavailable)
rPois  .         Gourm    .     (helmet restricted)
rElec  .         Spirit   .     w - +0 cloak of Wonder {rCorr Dex+4}
rCorr  +         Warding  .     q - +0 pair of gloves
rMut   .         Stasis   .     t - +2 pair of boots
MR     ++...                    m - amulet of resist corrosion
Stlth  ..........               l - ring of protection from magic
                                F - ring of sustain attributes

@: paralysed, drained, very resistant to hostile enchantments, extremely
unstealthy
A: retaliatory headbutt, horns 2, clarity
a: Potion Petition, Call Merchant, Bribe Branch, Renounce Religion


You were on level 4 of the Orcish Mines.
You worshipped Gozag.
Gozag was noncommittal.
You were not hungry.

You visited 3 branches of the dungeon, and saw 23 of its levels.

You collected 7876 gold pieces.
You spent 406 gold pieces at shops.
You paid 38 gold pieces to Gozag.

Inventory:

Hand Weapons
 a - a +4 dire flail of crushing (weapon)
 c - a +0 flail of draining
Armour
 j - a +0 chain mail (worn)
 q - a +0 pair of gloves (worn)
 t - a +2 pair of boots (worn)
 w - the +0 cloak of Wonder (worn) {rCorr Dex+4}
   (You found it on level 8 of the Dungeon)

   It affects your dexterity (+4).
   It protects you from acid and corrosion.
Rods
 b - a +1 lightning rod (13/13)
   (You found it on level 9 of the Dungeon)
Jewellery
 l - a ring of protection from magic (right hand)
 m - an amulet of resist corrosion (around neck)
 y - an uncursed ring of teleportation
 F - a ring of sustain attributes (left hand)
Wands
 e - a wand of digging (8)
 u - a wand of disintegration (17)
 A - a wand of lightning (11)
 H - a wand of polymorph (12)
Scrolls
 f - 2 scrolls of fear
 h - 2 scrolls of amnesia
 k - 4 scrolls of teleportation
 r - a scroll of magic mapping
 s - 2 scrolls of recharging
 C - a scroll of summoning
 D - a scroll of holy word
 G - 2 scrolls of remove curse
 J - 2 scrolls of identify
Potions
 g - 10 potions of curing
 i - 2 potions of haste
 o - a potion of might
 p - 3 potions of flight
 x - a potion of invisibility
 B - 2 potions of ambrosia
 E - a potion of agility
 I - a potion of brilliance
 L - a potion of magic
 M - a potion of cancellation
Comestibles
 d - 15 bread rations
 n - 13 royal jellies
 v - 29 fruits
 N - a beef jerky


   Skills:
 + Level 13.1(12.5) Fighting
   Level 1.1(0.6) Short Blades
 - Level 14.3(13.7) Maces & Flails
 + Level 12.9(12.3) Armour
 + Level 12.0(11.4) Dodging
 - Level 2.4(1.9) Stealth
 - Level 1.3(0.9) Spellcasting
   Level 2.0(1.5) Hexes
 + Level 9.4(8.9) Evocations


You had 15 spell levels left.
You didn't know any spells.

Dungeon Overview and Level Annotations

Branches:
Dungeon (11/15)            Temple (0/1) D:5            Lair (8/8) D:10
 Shoals (0/4) Lair:6       Spider (0/4) Lair:3        Slime (0/6) Lair:7
    Orc (4/4) D:11            Elf (0/3) Orc:3

Altars:
Ashenzari
Cheibriados
Dithmenos
Fedhas
Gozag
Kikubaaqudgha
Makhleb
Okawaru
Qazlal
Ru
Beogh

Shops:
D:7 ?   D:11 %   Orc:2 ?   Orc:3 *

Annotations:
D:1 1 exclusion
D:2 Sigmund
D:3 MDvedh's ghost, amateur MiEn
D:9 Erolcha; Sar's ghost, novice HEAs
Lair:3 2 exclusions
Lair:4 exclusions: 2 electric eels and 5 more exclusions
Lair:8 Rupert
Orc:4 2 exclusions


Innate Abilities, Weirdness & Mutations

You reflexively headbutt those who attack you in melee.
You have a pair of horns on your head.
You possess an exceptional clarity of mind.


Message History

The orc sorcerer gestures wildly while chanting.
The warg bites you but does no damage.
The orc warrior hits you from afar with a glaive!
* * * LOW HITPOINT WARNING * * *
The warg bites you but does no damage. The orc hits you but does no damage.
The orc warrior hits you from afar with a glaive.
* * * LOW HITPOINT WARNING * * *
The warg bites you.
* * * LOW HITPOINT WARNING * * *
The orc hits you but does no damage.
The orc sorcerer hits you but does no damage.
The warg bites you but does no damage. The orc hits you but does no damage.
The orc warrior hits you from afar with a glaive.
* * * LOW HITPOINT WARNING * * *
The orc hits you but does no damage. The warg bites you.
* * * LOW HITPOINT WARNING * * *
The orc sorcerer mumbles some strange words.
The soul eater draws from the surrounding life force!
You die...
Your body crumbles into a pile of gold.

**,,..** ##.##.##
,*,,..####......#
,,,....#..#.....##
,,.........#.....#
,......#..#.#.#.##
...............##
...............)##
.......#..#...3o.#**
.............ooh@#.##
..............o4o$..#
..#...........4.3#.##
................####
#...$........#..#*
........$........#*
..................#
.....#............#*
##.......$.<..#....*


You could see a soul eater, an orc high priest, a hellwing, a rust devil, a
chaos spawn, a warg, an orc sorcerer, an orc warrior and 2 orcs.

Vanquished Creatures
  Nessos (Lair:7)
  3 hydras
  The ghost of 4thArraOfDagon the Cleaver, a journeyman VSBe of Trog (D:11)
  An unseen horror (D:9)
  A hill giant (D:10)
  2 orc sorcerers (Orc:3)
  2 ugly things
  5 black mambas
  29 elephants
  15 spiny frogs
  5 komodo dragons
  A fire drake (Lair:6)
  A queen bee (Lair:2)
  2 trolls
  A snapping turtle (Lair:6)
  A giant leech (Lair:8)
  A two-headed ogre (D:9)
  20 blink frogs
  14 vampire mosquitoes
  2 wyverns
  Eustachio (D:4)
  A wraith (D:10)
  Grum (D:9)
  9 yaks
  A steam dragon (Lair:2)
  8 wolves
  5 hippogriffs
  A basilisk (Lair:7)
  16 water moccasins
  11 porcupines
  3 wargs
  4 ice beasts
  6 sky beasts
  3 centaurs
  19 orc warriors
  7 ogres
  A necrophage (D:8)
  18 crocodiles
  25 giant frogs
  5 big kobolds
  A brain worm (Lair:5)
  3 scorpions
  25 killer bees (Lair:2)
  7 wights (D:10)
  An electric eel (Lair:5)
  2 crimson imps
  A giant frog zombie (D:9)
  A jelly (D:9)
  7 hounds
  19 orc priests
  2 giant frog skeletons
  A centaur skeleton (D:10)
  14 iguanas
  19 orc wizards
  3 worker ants
  4 sheep (Lair:4)
  2 hound zombies
  A hound skeleton (D:8)
  2 worker ant zombies
  8 gnolls
  20 adders
  63 river rats
  2 shadow imps
  An ooze (D:1)
  3 worms (D:4)
  143 orcs
  A ball python (D:3)
  7 bats
  5 giant cockroaches
  7 goblins
  10 hobgoblins
  23 jackals
  A giant gecko skeleton (D:8)
  2 giant gecko zombies
  6 giant newts
  A jackal skeleton (D:7)
  29 kobolds
  A quokka skeleton (D:4)
  4 rats
  A fungus (Lair:8)
  A plant (Lair:4)
707 creatures vanquished.

Vanquished Creatures (others)
  83 fungi
  83 plants
166 creatures vanquished.

Grand Total: 873 creatures vanquished

Notes
Turn   | Place    | Note
--------------------------------------------------------------
     0 | D:1      | MDvedh the Minotaur Enchanter began the quest for the Orb.
     0 | D:1      | Reached XP level 1. HP: 14/14 MP: 1/1
     7 | D:1      | Noticed a wolf
     7 | D:1      | Noticed a black bear
     8 | D:1      | Noticed a fire drake
     8 | D:1      | Noticed a crocodile
    11 | D:1      | Noticed a swamp worm
    25 | D:1      | Reached skill level 1 in Fighting
    57 | D:1      | Reached XP level 2. HP: 19/24 MP: 3/3
  1015 | D:2      | Reached skill level 3 in Fighting
  1090 | D:2      | Reached XP level 3. HP: 25/31 MP: 4/4
  1163 | D:2      | Noticed Sigmund
  1304 | D:2      | Found a sacrificial altar of Ru.
  1645 | D:3      | Reached skill level 4 in Fighting
  1805 | D:3      | Noticed MDvedh's ghost (amateur MiEn)
  1976 | D:3      | HP: 1/33 [MDvedh's ghost (6)]
  2211 | D:2      | Reached skill level 1 in Maces & Flails
  2361 | D:3      | Found an opulent altar of Gozag.
  2374 | D:3      | Reached XP level 4. HP: 40/40 MP: 5/5
  2384 | D:3      | Became a worshipper of Gozag Ym Sagoz the Greedy
  2942 | D:4      | Reached XP level 5. HP: 46/46 MP: 6/6
  2950 | D:4      | Gained mutation: You possess an exceptional clarity of mind. [potion of beneficial mutation]
  3039 | D:4      | Found a stormy altar of Qazlal.
  3360 | D:4      | Reached skill level 5 in Maces & Flails
  3468 | D:4      | Noticed an ogre
  3472 | D:4      | Killed an ogre
  3472 | D:4      | Reached XP level 6. HP: 52/52 MP: 7/7
  3477 | D:4      | Reached skill level 6 in Maces & Flails
  3933 | D:4      | Noticed Eustachio
  3941 | D:4      | Killed Eustachio
  3941 | D:4      | Reached skill level 7 in Maces & Flails
  3984 | D:5      | Entered Level 5 of the Dungeon
  4033 | D:5      | Reached skill level 8 in Maces & Flails
  4033 | D:5      | Reached XP level 7. HP: 20/59 MP: 8/8
  4375 | D:5      | Found a staircase to the Ecumenical Temple.
  4616 | D:5      | Reached skill level 9 in Maces & Flails
  4932 | D:5      | Found a burning altar of Makhleb.
  5072 | D:6      | Found a shattered altar of Ashenzari.
  5265 | D:6      | Reached skill level 10 in Maces & Flails
  5280 | D:6      | Reached XP level 8. HP: 63/66 MP: 9/9
  5891 | D:6      | Found a snail-covered altar of Cheibriados.
  5926 | D:6      | Noticed a gargoyle
  5980 | D:5      | Reached skill level 11 in Maces & Flails
  6316 | D:7      | Reached skill level 12 in Maces & Flails
  6515 | D:7      | Found an iron altar of Okawaru.
  6515 | D:7      | Found an ancient bone altar of Kikubaaqudgha.
  6636 | D:7      | Found Jukitel's Magic Scroll Shoppe.
  6740 | D:7      | Bought a scroll of magic mapping for 42 gold pieces
  6740 | D:7      | Bought a scroll of identify for 24 gold pieces
  6740 | D:7      | Bought a scroll of recharging for 114 gold pieces
  6951 | D:8      | Got a polished cloak
  6952 | D:8      | Identified the +0 cloak of Wonder {rCorr Dex+4} (You found it on level 8 of the Dungeon)
  7069 | D:8      | Reached XP level 9. HP: 71/71 MP: 10/10
  7159 | D:8      | Reached skill level 13 in Maces & Flails
  7367 | D:8      | Found an iron altar of Okawaru.
  7655 | D:8      | Found a blossoming altar of Fedhas.
  7713 | D:8      | Noticed a green ugly thing
  7874 | D:8      | Killed a green ugly thing
  7874 | D:8      | Reached skill level 14 in Maces & Flails
  7897 | D:8      | Reached skill level 1 in Armour
  8554 | D:9      | Reached skill level 5 in Fighting
  8561 | D:9      | Noticed Sar's ghost (novice HEAs)
  8720 | D:9      | Found a shadowy altar of Dithmenos.
  9016 | D:9      | Noticed Erolcha
  9403 | D:9      | Killed an unseen horror
  9403 | D:9      | Reached XP level 10. HP: 70/83 MP: 11/11
  9913 | D:9      | Found a roughly hewn altar of Beogh.
  9925 | D:9      | Reached skill level 5 in Dodging
 10022 | D:9      | Reached skill level 1 in Evocations
 10121 | D:9      | Noticed Grum
 10139 | D:9      | Killed Grum
 10139 | D:9      | Reached skill level 5 in Armour
 10605 | D:10     | Entered Level 10 of the Dungeon
 10991 | D:10     | Found a staircase to the Lair.
 11332 | D:10     | Noticed a hill giant
 11343 | D:10     | Killed a hill giant
 11637 | Lair:1   | Entered Level 1 of the Lair of Beasts
 11665 | Lair:1   | Found a frozen archway.
 11956 | Lair:1   | Noticed a black mamba
 11971 | Lair:1   | Killed a black mamba
 11971 | Lair:1   | Reached XP level 11. HP: 79/94 MP: 12/12
 13797 | Lair:2   | Reached skill level 5 in Evocations
 14673 | Lair:3   | Found a hole to the Spider Nest.
 14972 | Lair:3   | Reached XP level 12. HP: 84/106 MP: 15/15
 15072 | Lair:3   | Noticed a six-headed hydra
 15081 | Lair:3   | Killed a six-headed hydra
 15081 | Lair:3   | Reached skill level 10 in Fighting
 15904 | Lair:3   | Reached skill level 10 in Armour
 16458 | Lair:3   | Reached skill level 10 in Dodging
 16635 | Lair:4   | Noticed a five-headed hydra
 16659 | Lair:4   | Killed a five-headed hydra
 18344 | Lair:5   | Reached XP level 13. HP: 83/116 MP: 17/17
 19199 | Lair:6   | Found a dark tunnel.
 19671 | Lair:6   | Found a staircase to the Shoals.
 20262 | Lair:7   | Noticed Nessos
 20278 | Lair:7   | Killed Nessos
 21389 | Lair:7   | Found a staircase to the Slime Pits.
 21867 | Lair:8   | Entered Level 8 of the Lair of Beasts
 21869 | Lair:8   | Noticed Rupert
 23898 | D:11     | Noticed 4thArraOfDagon's ghost (journeyman VSBe)
 23911 | D:11     | Killed 4thArraOfDagon's ghost
 24002 | D:11     | Found Ydytotre's Food Boutique.
 24089 | D:11     | Found a staircase to the Orcish Mines.
 24136 | D:11     | Reached XP level 14. HP: 55/127 MP: 19/19
 24713 | D:11     | Found an opulent altar of Gozag.
 24754 | Orc:1    | Entered Level 1 of the Orcish Mines
 24886 | Orc:1    | Found an iron altar of Okawaru.
 25316 | Orc:2    | Found Ratainuc's Magic Scroll Emporium.
 25330 | Orc:2    | Bought a scroll of summoning for 142 gold pieces
 26043 | Orc:3    | Found a staircase to the Elven Halls.
 26086 | Orc:3    | Found Qihuix's General Store.
 26099 | Orc:3    | Bought a potion of brilliance for 56 gold pieces
 26099 | Orc:3    | Bought a scroll of identify for 28 gold pieces
 26535 | Orc:4    | Entered Level 4 of the Orcish Mines
 26610 | Orc:4    | Paralysed by an orc sorcerer for 7 turns
 26616 | Orc:4    | HP: 3/129 [warg[an orc high priest] (6)]
 26616 | Orc:4    | Killed from afar by a soul eater

Action                   |  1- 3 |  4- 6 |  7- 9 | 10-12 | 13-15 || total
-------------------------+-------+-------+-------+-------+-------++-------
Melee: Dagger            |    96 |       |       |       |       ||    96
       Flail             |    21 |   169 |   474 |   188 |       ||   852
       Dire flail        |       |       |       |   692 |   814 ||  1506
Invok: Potion Petition   |       |       |     1 |       |       ||     1
Evoke: Rod               |       |       |       |    10 |     7 ||    17
       Wand              |       |       |       |       |     1 ||     1
  Use: Scroll            |       |    12 |     9 |     5 |    10 ||    36
       Potion            |       |     3 |     3 |     4 |     3 ||    13
 Stab: Sleeping          |     2 |     1 |     1 |       |       ||     4
       Distracted        |       |       |     4 |     6 |     6 ||    16
  Eat: Chunk             |     5 |       |       |       |       ||     5
       Meat ration       |       |     1 |     2 |     4 |     3 ||    10
       Pizza             |       |       |     4 |     3 |     1 ||     8
       Beef jerky        |       |       |     1 |     3 |       ||     4
       Fruit             |       |       |     1 |       |       ||     1
       Royal jelly       |       |       |       |       |     5 ||     5
